 Dungeon Crawl Stone Soup version 0.18-a0-1343-g48c8f86 (webtiles) character file.

83 M4edhros the Sneak (level 4, -15/28 HPs)
             Began as an Octopode Artificer on Feb 16, 2016.
             Was an Initiate of Gozag.
             Demolished by a small abomination (20 damage)
             ... summoned by the severe capriciousness of Xom
             ... on level 3 of the Dungeon.
             The game lasted 00:02:42 (2321 turns).

M4edhros the Sneak (Octopode Artificer)             Turns: 2321, Time: 00:02:43

Health: -15/28     AC:  3    Str: 10    XL:     4   Next: 44%
Magic:  6/6        EV: 12    Int: 15    God:    Gozag
Gold:   208        SH:  0    Dex: 12    Spells: 0 memorised, 3 levels left

rFire  . . .     SeeInvis .     a - +0 short sword
rCold  . . .     Gourm    .     (no shield)
rNeg   . . .     Faith    .     e - +2 hat
rPois  .         Spirit   .     (no amulet)
rElec  .         Dismiss  .     (no ring)
rCorr  .         Reflect  .     (no ring)
SustAt .         Harm     .     (no ring)
MR     .....                    (no ring)
Stlth  ++++......               (no ring)
                                (no ring)
                                (no ring)
                                (no ring)

@: slowed, very slow, not resistant to hostile enchantments, stealthy
A: almost no armour, amphibious, 8 rings, constrict 8, camouflage 1, gelatinous
body 1
a: Potion Petition, Call Merchant, Bribe Branch, Renounce Religion


You were on level 3 of the Dungeon.
You worshipped Gozag.
Gozag was noncommittal.
You were not hungry.

You visited 1 branch of the dungeon, and saw 3 of its levels.

You collected 244 gold pieces.
You paid 36 gold pieces to Gozag.

Inventory:

Hand Weapons
 a - a +0 short sword (weapon)
 l - a +0 hunting sling
Missiles
 m - 177 stones (quivered)
 n - 29 sling bullets
 q - 14 sling bullets of frost
Armour
 e - a +2 hat (worn)
Jewellery
 s - an uncursed ring of stealth {unknown}
 u - an uncursed amulet of regeneration {unknown}
Wands
 b - a wand of flame (14/48)
 c - a wand of enslavement (11/24)
 d - a wand of random effects (44/48)
Scrolls
 i - 3 scrolls of remove curse {unknown}
 j - a scroll of magic mapping {unknown}
 o - a scroll of recharging
 r - a scroll of teleportation {unknown}
 v - a scroll of identify {unknown}
Potions
 h - a potion of magic {unknown}
 t - a potion of ambrosia {unknown}
Comestibles
 f - a bread ration
 g - 6 fruits
 k - 2 meat rations


   Skills:
 - Level 1.0 Fighting
 - Level 1.0 Short Blades
 - Level 2.0 Dodging
 + Level 6.0 Stealth
 - Level 3.2 Evocations


You had 3 spell levels left.
You didn't know any spells.

Dungeon Overview and Level Annotations

Branches:
Dungeon (3/15)

Altars:
Gozag
Makhleb
Xom


Innate Abilities, Weirdness & Mutations

You cannot wear most types of armour.
You are amphibious.
You can wear up to eight rings at the same time.
You can use your tentacles to constrict eight enemies at once.
Your skin changes colour to match your surroundings (Stealth).
Your rubbery body absorbs attacks (AC +1).


Message History

Read which item? (? for menu, Esc to quit)
As you read the scroll labeled FENLEABR DEIM, it crumbles to dust.
It is a scroll of enchant armour.
You aren't carrying any armour which can be enchanted further.
Your small abomination hits the small abomination!!
The small abomination barely misses your small abomination.
Your small abomination hits the small abomination but does no damage.
The small abomination hits your small abomination!
Your small abomination is destroyed!
Evoke which item? (* to show all) (? for menu, Esc to quit)
Zapping:
b - a wand of flame (15/48)
Press: ? - help, Shift-Dir - straight line, f - adder
Aim: an adder The puff of flame misses the small abomination.
This wand has 14 charges left.
The adder bites you.
* * * LOW HITPOINT WARNING * * *
The small abomination hits you!!
Ouch! That really hurt!
You die...
Your body crumbles into a pile of gold.

.......#.########.#...##
......................+.
##....................##
.......##.##.....#....##
........................
.....#........##..)####.
........#.###.##.).####.
#.....Sx#.# #....).)....
#......@#.# ######+####+
c..#....#.# ## #......#
$ #......# ####...#
#.s.# #...# ###..


You could see a small abomination, a centaur (sleeping), an adder and a giant
cockroach.

Vanquished Creatures
  An adder (D:3)
  A worm (D:2)
  4 giant geckos
  6 orcs (D:3)
  4 giant cockroaches
  5 goblins
  7 hobgoblins
  11 kobolds
  2 quokkas (D:3)
  4 bats
  2 giant newts
  8 rats
55 creatures vanquished.

Notes
Turn   | Place    | Note
--------------------------------------------------------------
     0 | D:1      | M4edhros the Octopode Artificer began the quest for the Orb.
     0 | D:1      | Reached XP level 1. HP: 13/13 MP: 3/3
   151 | D:1      | Reached XP level 2. HP: 18/18 MP: 4/4
   352 | D:2      | Found a shimmering altar of Xom.
   387 | D:2      | Reached skill level 4 in Stealth
   531 | D:2      | Reached XP level 3. HP: 21/23 MP: 5/5
   577 | D:2      | Became a worshipper of Xom of Chaos
   716 | D:3      | Found an opulent altar of Gozag.
   805 | D:3      | Fell from the grace of Xom
   805 | D:3      | Became a worshipper of Gozag Ym Sagoz the Greedy
   938 | D:2      | Found a burning altar of Makhleb.
  1097 | D:2      | XOM: summons 1 hostile demon
  1216 | D:2      | Reached skill level 5 in Stealth
  1910 | D:3      | Reached XP level 4. HP: 24/28 MP: 6/6
  2087 | D:3      | XOM: blink monster(s)
  2115 | D:3      | Reached skill level 6 in Stealth
  2140 | D:3      | Noticed a centaur
  2311 | D:3      | XOM: medium Summ miscast
  2312 | D:3      | Noticed a small abomination
  2312 | D:3      | Noticed a small abomination
  2312 | D:3      | Noticed a small abomination
  2321 | D:3      | Demolished by a small abomination

Vault maps used:
D:1:      minmay_arrival_checkered_box
D:2:      lemuel_doored_altar, nicolae_overflow_hidden_temple,
          lemuel_crystal_altar, serial_co_window_serial, co_window_paths_b,
          co_window_corner_a, co_window_corner_a, co_window_paths_a,
          co_window_corner_a, co_window_of_opportunity_b, co_window_broadway_b,
          co_window_broadway_c, co_window_4corner_b, co_window_4corner_a,
          glass_columns_c, glass_columns_b, glass_columns_b
D:3:      nicolae_gozag_seed_capital

Action                   |  1- 3 |  4- 6 || total
-------------------------+-------+-------++-------
Melee: Short sword       |    80 |    23 ||   103
Evoke: Wand              |     1 |     4 ||     5
  Use: Scroll            |       |     2 ||     2
 Stab: Sleeping          |    23 |     3 ||    26
  Eat: Meat ration       |     1 |       ||     1
